 Dungeon Crawl Stone Soup version 0.21.1-1-g345015f (webtiles) character file.

56 prawnwizard the Skirmisher (level 4, -6/37 HPs)
             Began as a Formicid Abyssal Knight on July 10, 2018.
             Was a Follower of Lugonu.
             Mangled by a gnoll
             ... wielding a +0 spear
              (8 damage)
             ... on level 2 of the Dungeon.
             The game lasted 00:02:45 (1750 turns).

prawnwizard the Skirmisher (FoAK)                   Turns: 1750, Time: 00:02:45

Health: -6/37      AC:  6    Str: 17    XL:     4   Next: 17%
Magic:  5/5        EV:  9    Int: 12    God:    Lugonu [*.....]
Gold:   105        SH:  3    Dex: 10    Spells: 3/3 levels left

rFire    . . .     SeeInvis +   a - +1 mace
rCold    . . .     Gourm    .   n - +0 buckler
rNeg     . . .     Faith    .   g - +0 scale mail
rPois    .         Spirit   .   (helmet unavailable)
rElec    .         Reflect  .   (no cloak)
rCorr    .         Harm     .   (no gloves)
MR       .....                  (no boots)
Stlth    ..........             d - amulet of magic regeneration
HPRegen  0.12/turn              (no ring)
MPRegen  0.34/turn              (no ring)

@: glowing
A: permanent stasis, dig shafts and tunnels, four strong arms, antennae 3
a: Dig, Shaft Self, Depart the Abyss, Renounce Religion


You were on level 2 of the Dungeon.
You worshipped Lugonu.
Lugonu was aware of your devotion.
You were not hungry.

You visited 1 branch of the dungeon, and saw 2 of its levels.
You visited the Abyss 1 time.

You collected 105 gold pieces.

Inventory:

Hand Weapons
 a - a +1 mace (weapon)
Armour
 g - a +0 scale mail (worn)
 n - a +0 buckler (worn)
Jewellery
 d - an amulet of magic regeneration (around neck)
Scrolls
 f - 2 scrolls of teleportation {unknown}
 i - 2 scrolls of amnesia {unknown}
 l - a scroll of magic mapping {unknown}
 m - 2 scrolls of identify {unknown}
Potions
 e - a potion of degeneration {unknown}
 h - a potion of haste {unknown}
 j - 2 potions of mutation {unknown}
 k - 2 potions of curing {unknown}
 o - a potion of heal wounds {unknown}
Comestibles
 b - a chunk of flesh
 c - 7 rations


   Skills:
 + Level 4.0 Fighting
 + Level 2.4 Maces & Flails
 + Level 2.7 Armour
 + Level 1.2 Dodging
 * Level 1.0 Shields
 + Level 2.6 Invocations


You had 3 spell levels left.
You didn't know any spells.

Dungeon Overview and Level Annotations

Branches:
Dungeon (2/15)

Altars:


Innate Abilities, Weirdness & Mutations

You cannot be hasted, slowed, berserked, paralysed or teleported.
You can dig through walls and to a lower floor.
Your four strong arms can wield two-handed weapons with a shield.
You have a pair of large antennae on your head. (SInv)


Message History

The gnoll hits you but does no damage.
The gnoll shaman calls upon its god to speed up the gnoll.
The gnoll seems to speed up.
You closely miss the gnoll shaman.
The gnoll shaman is moderately wounded.
The gnoll hits you but does no damage. You block the gnoll's attack.
The gnoll closely misses you. The gnoll shaman misses you.
The gnoll hits you from afar with a halberd!
* * * LOW HITPOINT WARNING * * *
A gnoll comes into view.
You hit the gnoll shaman but do no damage.
The gnoll shaman is moderately wounded.
The gnoll hits you but does no damage. You block the gnoll shaman's attack.
The gnoll hits you but does no damage. The gnoll closely misses you.
Your scale mail prevents you from hitting the gnoll shaman.
The gnoll shaman is moderately wounded.
You block the gnoll's attack.
The gnoll shaman hits you but does no damage.
The gnoll hits you from afar with a spear!
You die...

#..............
#..........##
#..........#
########.###
#.### #...####
###[...##
######..#
....##@# #..#g#
#.gg# ###g#
#.?....g.
#.#####g. #.#
#.# #.(


You could see a gnoll shaman and 3 gnolls.

Vanquished Creatures
  2 gnolls (D:2)
  A dart slug (D:1)
  5 bats
  3 giant cockroaches
  5 goblins
  6 hobgoblins
  3 frilled lizards
  3 kobolds
  6 rats (D:1)
34 creatures vanquished.

Notes
Turn   | Place    | Note
-------+----------+-------------------------------------------
     0 | Abyss:1  | prawnwizard the Formicid Abyssal Knight began the quest for the Orb.
     0 | Abyss:1  | Reached XP level 1. HP: 18/18 MP: 2/2
    24 | Abyss:2  | Found a burning altar of Makhleb.
    51 | Abyss:2  | Noticed a large abomination
    78 | Abyss:3  | Noticed a ynoxinul
    88 | Abyss:3  | Noticed a demonic crawler
    91 | D:1      | Escaped the Abyss
   360 | D:1      | Reached * piety under Lugonu
   368 | D:1      | Reached XP level 2. HP: 4/25 MP: 3/3
   734 | D:1      | Reached skill level 1 in Dodging
   759 | D:1      | Reached XP level 3. HP: 12/30 MP: 4/4
  1744 | D:2      | Reached skill level 4 in Fighting
  1744 | D:2      | Reached skill level 1 in Shields
  1744 | D:2      | Reached XP level 4. HP: 16/37 MP: 5/5
  1750 | D:2      | Mangled by a gnoll

Skill      XL: |  1  2  3 |
---------------+----------+-----
Dodging        | 1 |  1.2
Fighting       | 4 |  4.0
Shields        | 1 |  1.0
Maces & Flails | |  2.4
Armour         | |  2.7
Invocations    | |  2.6

Action                   |  1- 3 |  4- 6 || total
-------------------------+-------+-------++-------
Melee: Mace              |    90 |     6 ||    96
Invok: Depart the Abyss  |     1 |       ||     1
  Eat: Chunk             |     3 |       ||     3
Armor: Leather armour    |    20 |       ||    20
       Scale mail        |    45 |     4 ||    49
Dodge: Dodged            |    82 |     6 ||    88
Block: Buckler           |     8 |     3 ||    11
